 Seeded DCSS version 0.29.1-15-g9cfb28693d (webtiles) character file.

Game seed: 16245865983455551772 (custom seed)

375 Darius099 the Sneak (level 6, -2/43 HPs)
             Began as an Octopode Brigand on Mar 11, 2023.
             Was an Initiate of Dithmenos.
             Slain by a hobgoblin (5 damage)
             ... on level 4 of the Dungeon.
             The game lasted 00:04:49 (3634 turns).

Darius099 the Sneak (Octopode Brigand)              Turns: 3634, Time: 00:04:50

Health: -2/43      AC:  1    Str: 11    XL:     6   Next: 73%
Magic:  6/6        EV: 12    Int: 25    God:    Dithmenos [......]
Gold:   947        SH:  0    Dex: 15    Spells: 5/5 levels left

rFire   . . .      SeeInvis .   a - +2 dagger
rCold   . . .      Faith    .   (no shield)
rNeg    . . .      Spirit   .   (helmet restricted)
rPois   .          Reflect  .   (no amulet)
rElec   .          Harm     .   h - +6 ring of intelligence
rCorr   .          Rampage  .   i - +6 ring of intelligence
Will    .....                   (no ring)
Stlth   +++++.....              (no ring)
HPRegen 0.14/turn               (no ring)
MPRegen 0.10/turn               (no ring)
                                (no ring)
                                (no ring)

@: no status effects
A: almost no armour, amphibious, 8 rings, camouflage 1, gelatinous body 1,
(nimble swimmer 1), tentacles
a: Renounce Religion


You were on level 4 of the Dungeon.
You worshipped Dithmenos.
Dithmenos was noncommittal.
You visited 1 branch of the dungeon, and saw 4 of its levels.

You collected 947 gold pieces.

Inventory:

Hand Weapons
 a - a +2 dagger (weapon)
Missiles
 b - 15 poisoned darts (quivered)
 c - 3 curare-tipped darts
Jewellery
 h - a +6 ring of intelligence (left tentacle)
 i - a +6 ring of intelligence (right tentacle)
 q - an amulet of regeneration
Wands
 n - a wand of roots (4)
Scrolls
 d - 2 scrolls of acquirement
 g - 2 scrolls of teleportation {unknown}
 k - 3 scrolls of identify {unknown}
 l - a scroll of enchant weapon {unknown}
 m - a scroll of summoning {unknown}
 o - a scroll of noise {unknown}
 p - a scroll of immolation {unknown}
Potions
 e - a potion of might {unknown}
 f - 2 potions of flight {unknown}
 r - a potion of brilliance {unknown}


   Skills:
 + Level 4.2 Fighting
 + Level 4.2 Short Blades
 - Level 2.0 Throwing
 - Level 1.0 Dodging
 + Level 7.7 Stealth


You had 5 spell levels left.
You didn't know any spells.
Your spell library contained the following spells:

 Spells                   Type           Power      Damage    Failure   Level
 Sting                    Tmut/Pois      0%         1d3       14%         1
 Poisonous Vapours        Pois/Air       0%         N/A       21%         2
 Olgreb's Toxic Radiance  Pois           0%         N/A       80%         4
 Chain Lightning          Conj/Air       0%         N/A       100%        9
 Fire Storm               Conj/Fire      0%         5d1       100%        9
 Shatter                  Erth           0%         3d5*      100%        9


Dungeon Overview and Level Annotations

Branches:
Dungeon (4/15)
 Temple: D:4-7

Altars:
Dithmenos

Shops:
D:3 [   D:4 *


Innate Abilities, Weirdness & Mutations

You cannot wear most types of armour.
You are amphibious.
You can wear up to eight rings at the same time.
Your skin changes colour to match your surroundings (Stealth+).
Your rubbery body absorbs attacks. (AC +1, EV +1)
((You are camouflaged when in or above water. (Stealth+)))
You have tentacles for arms and can constrict up to eight enemies at once.


Message History

You hit the iguana.
The iguana is heavily wounded.
You constrict the iguana. The iguana bites you. The quokka bites you.
You are too injured to fight recklessly!
You are too injured to fight recklessly!
You are too injured to fight recklessly!
You are too injured to fight recklessly!
You completely miss the iguana.
The iguana is severely wounded.
You constrict the iguana, but do no damage.
The iguana closely misses you. The quokka bites you.
You hit the iguana but do no damage.
The iguana is severely wounded.
You constrict the iguana, but do no damage.
The quokka misses you. The iguana barely misses you.
You hit the iguana.
The iguana is severely wounded.
You constrict the iguana. The quokka bites you.
* * * LOW HITPOINT WARNING * * *
The iguana completely misses you.
You hit the iguana. You squeeze the iguana.
You kill the iguana!
Dithmenos accepts your kill. The quokka closely misses you.
You hit the quokka. Your grab misses the quokka.
The quokka is severely wounded.
The quokka bites you.
* * * LOW HITPOINT WARNING * * *
You hit the quokka but do no damage. Your grab misses the quokka.
The quokka is severely wounded.
The hobgoblin hits you.
* * * LOW HITPOINT WARNING * * *
The quokka bites you.
* * * LOW HITPOINT WARNING * * *
You hit the quokka but do no damage. Your grab misses the quokka.
You squeeze the quokka.
You kill the quokka!
Dithmenos accepts your kill. The hobgoblin hits you.
You die...

#) .## #.# ..#
##.## ..### ###...#
...# ...!. ##..#
#...####...# .
#.##.#..#.###### .
#g†....##....).# #
#@##..##########
###...## ##...
#.....####..#
#...###.#....######
#### #<............
#...#.........###
.......#....#..## #
#........##..#.####
#.......####..##...


You could see a hobgoblin.

Vanquished Creatures
  An ogre (D:4)
  A scorpion (D:4)
  An orc priest (D:3)
  Jessica (D:2)
  An iguana (D:4)
  2 orc wizards (D:3)
  Natasha (D:3)
  2 adders
  5 orcs (D:3)
  5 ball pythons
  3 bats
  5 endoplasms
  A giant cockroach (D:4)
  2 goblins (D:1)
  7 hobgoblins
  5 kobolds
  4 quokkas
  3 frilled lizards
  7 rats
57 creatures vanquished.

Vanquished Creatures (others)
  2 plants (D:3)
2 creatures vanquished.

Grand Total: 59 creatures vanquished

Notes
Turn   | Place    | Note
-------+----------+-------------------------------------------
     0 | D:1      | Darius099 the Octopode Brigand began the quest for the Orb.
     0 | D:1      | Reached XP level 1. HP: 14/14 MP: 1/1
   383 | D:1      | Reached XP level 2. HP: 9/19 MP: 2/2
   599 | D:1      | Found a faded altar of an unknown god.
  1092 | D:1      | Reached XP level 3. HP: 25/25 MP: 3/3
  1245 | D:2      | Noticed Jessica
  1252 | D:2      | Killed Jessica
  1253 | D:2      | Reached skill level 6 in Stealth
  1253 | D:2      | Reached XP level 4. HP: 16/30 MP: 4/4
  2202 | D:3      | Found Ymmy Ciutu's Antique Armour Shoppe.
  2235 | D:3      | Reached XP level 5. HP: 15/36 MP: 5/5
  2612 | D:3      | Noticed Natasha
  2618 | D:3      | Killed Natasha
  2817 | D:3      | Reached skill level 7 in Stealth
  3236 | D:4      | Found a shadowy altar of Dithmenos.
  3249 | D:4      | Became a worshipper of Dithmenos the Shadowed
  3286 | D:4      | Found Tuuwolaw's General Store.
  3294 | D:4      | Noticed an ogre
  3296 | D:4      | Reached XP level 6. HP: 43/43 MP: 6/6
  3318 | D:4      | Identified 3 scrolls of acquirement
  3318 | D:4      | Acquired 801 gold pieces
  3634 | D:4      | Slain by a hobgoblin

Illustrated notes

Levels and vault maps discovered:
D:1:      minmay_arrival_hallway, layout_loops_corners, basic_ecumenical_altar,
          minmay_unequal
D:2:      layout_loops_ring, uniq_jessica
D:3:      layout_basic, serial_shops, nicolae_shop_advertising_works
          [nicolae_subvault_shop_adworks], minmay_shallow_snake_nest,
          uniq_natasha
D:4:      layout_rooms, grunt_dithmenos_smoke_and_mirrors,
          makhleb_blood_cavern_becter, slow_altar_1, serial_shops,
          nicolae_square_shop, nicolae_shop_temple_entry_statues_fountains,
          kennysheep_mini_moat, chequers_serial_rivers_large_a,
          minmay_fractal_squares_gapless_5

Skill      XL: |  1  2  3  4  5  6 |
---------------+-------------------+-----
Stealth        | 6 7 |  7.7
Fighting       | 3 4 |  4.2
Short Blades   | 3 4 |  4.2
Throwing       | |  2.0
Dodging        | |  1.0

Action                   |  1- 3 |  4- 6 || total
-------------------------+-------+-------++-------
Melee: Dagger            |    38 |    89 ||   127
       Constrict         |     8 |    16 ||    24
       Tentacles         |     7 |    13 ||    20
  Use: Scroll            |       |     1 ||     1
       Potion            |       |     1 ||     1
 Stab: Sleeping          |    10 |    13 ||    23
Armor: Skin              |     1 |     2 ||     3
Dodge: Dodged            |    17 |    37 ||    54
